TOP OF THE 1ST |
University of Illinois Fighting Illini batting - Pitching for Washington State University Cougars : RHP Paul Gibbens
|
Pitching: RHP Paul Gibbens
|
|
Batting: RHB Elmar Adenauer
|
0-0: Ball 1-0: Ball 2-0: Swinging Strike 2-1: Foul Ball, location: 2F 2-2: Ball 3-2: Ground out 5-3 (Groundball, 56S, EV 76.9 MPH)
|
Batting: RHB Francisco Cabrera
|
0-0: Ball 1-0: Ball 2-0: Ball 3-0: Called Strike 3-1: Called Strike 3-2: Ground out 5-3 (Groundball, 56, EV 98.1 MPH)
|
Batting: RHB Jonathan Mendoza
|
0-0: SINGLE (Groundball, 3D, EV 109.4 MPH)
|
Batting: LHB George Roben
|
0-0: Called Strike 0-1: Foul Ball, location: 2F 0-2: Ball 1-2: Foul Ball, location: 2F 1-2: Strikes out swinging
|
Top of the 1st over - 0 runs, 1 hit, 0 errors, 1 left on base; University of Illinois 0 - Washington State University 0 |
BOTTOM OF THE 1ST |
Washington State University Cougars batting - Pitching for University of Illinois Fighting Illini : RHP Andy Harrigan
|
Pitching: RHP Andy Harrigan
|
|
Batting: RHB Patrick Pinault
|
0-0: Called Strike 0-1: Ground out 6-3 (Groundball, 6, EV 78.8 MPH)
|
Batting: RHB Terrell Smith
|
0-0: Swinging Strike 0-1: Ball 1-1: Swinging Strike 1-2: Fly out, F7 (Flyball, 7LM, EV 95.0 MPH)
|
Batting: RHB David Martin
|
0-0: Ball 1-0: Foul Ball, location: 2F 1-1: Ball 2-1: Ball 3-1: Foul Ball, location: 2F 3-2: Foul Ball, location: 2F 3-2: Foul Ball, location: 2F 3-2: Foul Ball, location: 2F 3-2: DOUBLE (Flyball, 8RXD, EV 108.1 MPH)
|
Batting: LHB Jeremy Rideout
|
0-0: Called Strike 0-1: Ground out 5-3 (Groundball, 56S, EV 93.8 MPH)
|
Bottom of the 1st over - 0 runs, 1 hit, 0 errors, 1 left on base; University of Illinois 0 - Washington State University 0 |
TOP OF THE 2ND |
University of Illinois Fighting Illini batting - Pitching for Washington State University Cougars : RHP Paul Gibbens
|
Batting: RHB Edwin Bejarano
|
0-0: Ball 1-0: Fly out, F3 (Popup, 3, EV 65.0 MPH)
|
Batting: RHB Ivan Castaneda
|
0-0: Ball 1-0: Called Strike 1-1: Foul Ball, location: 2F 1-2: Ball 2-2: Strikes out looking
|
Batting: RHB Vinny Torres
|
0-0: Ball 1-0: Ball 2-0: Called Strike 2-1: Swinging Strike 2-2: Strikes out swinging
|
Top of the 2nd over - 0 runs, 0 hits, 0 errors, 0 left on base; University of Illinois 0 - Washington State University 0 |
BOTTOM OF THE 2ND |
Washington State University Cougars batting - Pitching for University of Illinois Fighting Illini : RHP Andy Harrigan
|
Batting: RHB Sam Callahan
|
0-0: Ball 1-0: Swinging Strike 1-1: Ball 2-1: Called Strike 2-2: Strikes out looking
|
Batting: RHB Yang-cheng Kui
|
0-0: Fly out, F9 (Flyball, 89D, EV 95.0 MPH)
|
Batting: RHB Edwin Gutierrez
|
0-0: Called Strike 0-1: Called Strike 0-2: Ball 1-2: Ball 2-2: Strikes out looking
|
Bottom of the 2nd over - 0 runs, 0 hits, 0 errors, 0 left on base; University of Illinois 0 - Washington State University 0 |
TOP OF THE 3RD |
University of Illinois Fighting Illini batting - Pitching for Washington State University Cougars : RHP Paul Gibbens
|
Batting: LHB Art D'Ascenzo
|
0-0: Ball 1-0: SINGLE (Groundball, 4D, EV 105.6 MPH)
|
Batting: RHB Chris Bejarano
|
0-0: Foul Ball, location: 2F 0-1: Ball 1-1: Ball 2-1: Fly out, F9 (Flyball, 9, EV 91.2 MPH)
|
Batting: RHB Elmar Adenauer
|
0-0: Called Strike 0-1: Ball 1-1: Ball 2-1: Ball 3-1: Foul Ball, location: 2F 3-2: Foul Ball, location: 2F 3-2: Strikes out looking
|
Batting: RHB Francisco Cabrera
|
0-0: Foul Ball, location: 2F 0-1: Fly out, F9 (Flyball, 9LM, EV 89.4 MPH)
|
Top of the 3rd over - 0 runs, 1 hit, 0 errors, 1 left on base; University of Illinois 0 - Washington State University 0 |
BOTTOM OF THE 3RD |
Washington State University Cougars batting - Pitching for University of Illinois Fighting Illini : RHP Andy Harrigan
|
Batting: LHB Jose Cruz
|
0-0: Ball 1-0: Ball 2-0: Ball 3-0: Foul Ball, location: 2F 3-1: Base on Balls
|
Batting: RHB Danny Dimas
|
0-0: Ball 1-0: Called Strike 1-1: Fly out, F8 (Flyball, 89D, EV 101.9 MPH)
|
Batting: RHB Patrick Pinault
|
0-0: Ball 1-0: Called Strike 1-1: Ball 2-1: Grounds into double play, 5-4-3 (Groundball, 56, EV 90.0 MPH)
|
Bottom of the 3rd over - 0 runs, 0 hits, 0 errors, 0 left on base; University of Illinois 0 - Washington State University 0 |
TOP OF THE 4TH |
University of Illinois Fighting Illini batting - Pitching for Washington State University Cougars : RHP Paul Gibbens
|
Batting: RHB Jonathan Mendoza
|
0-0: Ball 1-0: Foul Ball, location: 2F 1-1: Ball 2-1: Fly out, F9 (Flyball, 9S, EV 89.4 MPH)
|
Batting: LHB George Roben
|
0-0: Swinging Strike 0-1: Swinging Strike 0-2: Foul Ball, location: 2F 0-2: Strikes out looking
|
Batting: RHB Edwin Bejarano
|
0-0: Called Strike 0-1: Ground out 5-3 (Groundball, 5L, EV 97.5 MPH)
|
Top of the 4th over - 0 runs, 0 hits, 0 errors, 0 left on base; University of Illinois 0 - Washington State University 0 |
BOTTOM OF THE 4TH |
Washington State University Cougars batting - Pitching for University of Illinois Fighting Illini : RHP Andy Harrigan
|
Batting: RHB Terrell Smith
|
0-0: Ball 1-0: Ball 2-0: Fly out, F7 (Flyball, 78D, EV 83.8 MPH)
|
Batting: RHB David Martin
|
0-0: Ball 1-0: Fly out, F4 (Popup, 3D, EV 71.9 MPH)
|
Batting: LHB Jeremy Rideout
|
0-0: Ball 1-0: Ball 2-0: SINGLE (Groundball, 4, EV 96.9 MPH)
|
Batting: RHB Sam Callahan
|
0-0: Swinging Strike 0-1: Called Strike 0-2: Ball 1-2: Fielders Choice at 2nd, 6-4 (Groundball, 6, EV 88.8 MPH)
|
Bottom of the 4th over - 0 runs, 1 hit, 0 errors, 1 left on base; University of Illinois 0 - Washington State University 0 |
TOP OF THE 5TH |
University of Illinois Fighting Illini batting - Pitching for Washington State University Cougars : RHP Paul Gibbens
|
Batting: RHB Ivan Castaneda
|
0-0: Ball 1-0: Called Strike 1-1: Called Strike 1-2: Strikes out swinging
|
Batting: RHB Vinny Torres
|
0-0: Swinging Strike 0-1: Called Strike 0-2: Ball 1-2: Ground out 4-3 (Groundball, 4M, EV 90.6 MPH)
|
Batting: LHB Art D'Ascenzo
|
0-0: Ball 1-0: Called Strike 1-1: Swinging Strike 1-2: Ball 2-2: Ball 3-2: Foul Ball, location: 2F 3-2: Foul Ball, location: 2F 3-2: Base on Balls
|
Batting: RHB Chris Bejarano
|
0-0: Ball 1-0: Ball 2-0: Foul Ball, location: 2F 2-1: Swinging Strike 2-2: Fly out, F7 (Flyball, 7D, EV 95.6 MPH)
|
Top of the 5th over - 0 runs, 0 hits, 0 errors, 1 left on base; University of Illinois 0 - Washington State University 0 |
BOTTOM OF THE 5TH |
Washington State University Cougars batting - Pitching for University of Illinois Fighting Illini : RHP Andy Harrigan
|
Batting: RHB Yang-cheng Kui
|
0-0: Fly out, F8 (Line Drive, 8LD, EV 83.1 MPH)
|
Batting: RHB Edwin Gutierrez
|
0-0: Called Strike 0-1: Called Strike 0-2: Ball 1-2: Ball 2-2: Ball 3-2: Base on Balls
|
Batting: LHB Jose Cruz
|
0-0: Fly out, F8 (Flyball, 78S, EV 90.6 MPH)
|
Batting: RHB Danny Dimas
|
0-0: Called Strike 0-1: Called Strike 0-2: DOUBLE (Line Drive, 78D, EV 111.9 MPH) Edwin Gutierrez to third
|
Batting: RHB Patrick Pinault
|
0-0: Called Strike 0-1: Called Strike 0-2: Strikes out swinging
|
Bottom of the 5th over - 0 runs, 1 hit, 0 errors, 2 left on base; University of Illinois 0 - Washington State University 0 |
TOP OF THE 6TH |
University of Illinois Fighting Illini batting - Pitching for Washington State University Cougars : RHP Paul Gibbens
|
Pitching: LHP Shane Robinson
|
|
Pinch Hitting: RHB German Quiroga
|
0-0: Ball 1-0: Ball 2-0: Ball 3-0: Called Strike 3-1: Foul Ball, location: 2F 3-2: DOUBLE (Flyball, 89D, EV 105.6 MPH)
|
Batting: RHB Francisco Cabrera
|
0-0: Foul Ball, location: 2F 0-1: Foul Ball, location: 2F 0-2: Foul Ball, location: 2F 0-2: Ball 1-2: Strikes out looking
|
Batting: RHB Jonathan Mendoza
|
0-0: Ball 1-0: Ball 2-0: Ball 3-0: Base on Balls
|
Batting: LHB George Roben
|
0-0: Ball 1-0: Called Strike 1-1: Ball 2-1: Called Strike 2-2: Ball 3-2: Fly out, F7 (Flyball, 7D, EV 93.8 MPH)
|
Batting: RHB Edwin Bejarano
|
0-0: Foul Ball, location: 2F 0-1: Ball 1-1: Ball 2-1: Fly out, F8 (Flyball, 89D, EV 96.2 MPH)
|
Top of the 6th over - 0 runs, 1 hit, 0 errors, 2 left on base; University of Illinois 0 - Washington State University 0 |
BOTTOM OF THE 6TH |
Washington State University Cougars batting - Pitching for University of Illinois Fighting Illini : RHP Andy Harrigan
|
Now at 3B: German Quiroga
|
|
Batting: RHB Terrell Smith
|
0-0: DOUBLE (Flyball, 8RXD, EV 106.2 MPH)
|
Batting: RHB David Martin
|
0-0: Intentional Walk
|
Batting: LHB Jeremy Rideout
|
0-0: Ball 1-0: SINGLE (Groundball, 6MD, EV 103.8 MPH) Terrell Smith to third David Martin to second
|
Batting: RHB Sam Callahan
|
0-0: Ball 1-0: Foul Ball, location: 2F 1-1: Ball 2-1: Swinging Strike 2-2: DOUBLE (Groundball, 5L, EV 103.1 MPH) Terrell Smith scores David Martin scores Jeremy Rideout to third
|
Batting: RHB Yang-cheng Kui
|
0-0: Intentional Walk
|
Batting: RHB Edwin Gutierrez
|
0-0: Foul Ball, location: 2F 0-1: SINGLE (Groundball, 56, EV 104.4 MPH) Jeremy Rideout scores Sam Callahan to third Yang-cheng Kui to second Runner from 3rd tries for Home, SAFE, throw by LF to home
|
Batting: LHB Jose Cruz
|
0-0: Ball 1-0: Ball 2-0: Ball 3-0: Called Strike 3-1: Fly out, F4 (Line Drive, 4, EV 69.4 MPH)
|
Pitching: LHP Gabe Alcantara
|
|
Batting: RHB Danny Dimas
|
0-0: Ball 1-0: Called Strike 1-1: Ball 2-1: Ball 3-1: Base on Balls Yang-cheng Kui to third Edwin Gutierrez to second
|
Batting: RHB Patrick Pinault
|
0-0: Called Strike 0-1: Swinging Strike 0-2: Fielders Choice at 2nd, 3-6 (Groundball, 3S, EV 76.9 MPH) Yang-cheng Kui scores Edwin Gutierrez to third
|
Batting: RHB Terrell Smith
|
0-0: Foul Ball, location: 2F 0-1: Ball 1-1: Foul Ball, location: 2F 1-2: Ball 2-2: Ball 3-2: Foul Ball, location: 2F 3-2: Strikes out looking
|
Bottom of the 6th over - 5 runs, 4 hits, 0 errors, 2 left on base; University of Illinois 0 - Washington State University 5 |
TOP OF THE 7TH |
University of Illinois Fighting Illini batting - Pitching for Washington State University Cougars : LHP Shane Robinson
|
Batting: RHB Ivan Castaneda
|
0-0: Foul Ball, location: 2F 0-1: Foul Ball, location: 2F 0-2: Ball 1-2: Ball 2-2: Ground out 5-3 (Groundball, 56, EV 79.4 MPH)
|
Batting: RHB Vinny Torres
|
0-0: Ball 1-0: Swinging Strike 1-1: Ball 2-1: Swinging Strike 2-2: SINGLE (Groundball, 56D, EV 104.4 MPH)
|
Pitching: LHP Adrian Huerta
|
|
Batting: LHB Art D'Ascenzo
|
0-0: Called Strike 0-1: Ball 1-1: Foul Ball, location: 2F 1-2: Strikes out swinging
|
Batting: RHB Chris Bejarano
|
0-0: Foul Ball, location: 2F 0-1: Foul Ball, location: 2F 0-2: Fielders Choice at 2nd, 5-4 (Groundball, 56, EV 85.6 MPH)
|
Top of the 7th over - 0 runs, 1 hit, 0 errors, 1 left on base; University of Illinois 0 - Washington State University 5 |
BOTTOM OF THE 7TH |
Washington State University Cougars batting - Pitching for University of Illinois Fighting Illini : LHP Gabe Alcantara
|
Batting: RHB David Martin
|
0-0: Ball 1-0: SINGLE (Groundball, 56D, EV 95.6 MPH)
|
Batting: LHB Jeremy Rideout
|
0-0: Ball 1-0: Ball 2-0: SINGLE (Groundball, 34, EV 93.8 MPH) David Martin to second Runner from 2nd tries for 3rd, SAFE, throw by RF made to third
|
Batting: RHB Sam Callahan
|
0-0: Ball 1-0: Called Strike 1-1: Fly out, F8 (Flyball, 8RD, EV 87.5 MPH) Runner from 3rd tags up, OUT at HOME! 8-2 Jeremy Rideout to second
|
Batting: RHB Yang-cheng Kui
|
0-0: Ball 1-0: Foul Ball, location: 2F 1-1: Called Strike 1-2: Ground out 6-3 (Groundball, 6S, EV 85.0 MPH)
|
Bottom of the 7th over - 0 runs, 2 hits, 0 errors, 1 left on base; University of Illinois 0 - Washington State University 5 |
TOP OF THE 8TH |
University of Illinois Fighting Illini batting - Pitching for Washington State University Cougars : LHP Adrian Huerta
|
Batting: RHB German Quiroga
|
0-0: Ball 1-0: Ball 2-0: Ball 3-0: Fly out, F9 (Line Drive, 9, EV 95.0 MPH)
|
Batting: RHB Francisco Cabrera
|
0-0: Ball 1-0: Fly out, F7 (Line Drive, 7, EV 96.2 MPH)
|
Batting: RHB Jonathan Mendoza
|
0-0: Ball 1-0: Called Strike 1-1: Ball 2-1: Ball 3-1: Base on Balls
|
Batting: LHB George Roben
|
0-0: Fly out, F8 (Flyball, 8LD, EV 81.9 MPH)
|
Top of the 8th over - 0 runs, 0 hits, 0 errors, 1 left on base; University of Illinois 0 - Washington State University 5 |
BOTTOM OF THE 8TH |
Washington State University Cougars batting - Pitching for University of Illinois Fighting Illini : LHP Gabe Alcantara
|
Batting: RHB Edwin Gutierrez
|
0-0: Ball 1-0: Called Strike 1-1: Ball 2-1: Ball 3-1: Swinging Strike 3-2: Foul Ball, location: 2F 3-2: Foul Ball, location: 2F 3-2: Base on Balls
|
Pitching: RHP Tommy Guiles
|
|
Batting: LHB Jose Cruz
|
0-0: Ball 1-0: Ball 2-0: Ball 3-0: Called Strike 3-1: Base on Balls Edwin Gutierrez to second
|
Batting: RHB Danny Dimas
|
0-0: Ball 1-0: Foul Ball, location: 2F 1-1: SINGLE (Line Drive, 3D, EV 94.4 MPH) Edwin Gutierrez to third Jose Cruz to second
|
Batting: RHB Patrick Pinault
|
0-0: Ball 1-0: Called Strike 1-1: Ball 2-1: Foul Ball, location: 2F 2-2: Foul Ball, location: 2F 2-2: Foul Ball, location: 2F 2-2: DOUBLE (Groundball, 5L, EV 109.4 MPH) Edwin Gutierrez scores Jose Cruz scores Danny Dimas to third Runner from 3rd tries for Home, SAFE, no throw by LF
|
Pinch Hitting: RHB Roger Pelley
|
0-0: Fly out, F9 (Flyball, 89S, EV 82.5 MPH)
|
Batting: RHB David Martin
|
0-0: 2-RUN HOME RUN (Flyball, 7D, EV 110.0 MPH), Distance : 404 ft
|
Pitching: LHP Conor Bailey
|
|
Batting: LHB Jeremy Rideout
|
0-0: Called Strike 0-1: Fly out, F7 (Flyball, 78D, EV 91.9 MPH)
|
Batting: RHB Sam Callahan
|
0-0: Ball 1-0: Swinging Strike 1-1: Swinging Strike 1-2: Strikes out swinging
|
Bottom of the 8th over - 5 runs, 3 hits, 0 errors, 0 left on base; University of Illinois 0 - Washington State University 10 |
TOP OF THE 9TH |
University of Illinois Fighting Illini batting - Pitching for Washington State University Cougars : LHP Adrian Huerta
|
Now in LF: Roger Pelley
|
|
Now in RF: Jose Cruz
|
|
Batting: RHB Edwin Bejarano
|
0-0: Called Strike 0-1: Called Strike 0-2: Ball 1-2: Ball 2-2: Foul Ball, location: 2F 2-2: Foul Ball, location: 2F 2-2: Strikes out swinging
|
Batting: RHB Ivan Castaneda
|
0-0: Ball 1-0: Foul Ball, location: 2F 1-1: Swinging Strike 1-2: Foul Ball, location: 2F 1-2: Foul Ball, location: 2F 1-2: Ball 2-2: Ball 3-2: Ground out 1-3 (Groundball, 13S, EV 76.2 MPH)
|
Pinch Hitting: LHB Fumito Sakurai
|
0-0: Swinging Strike 0-1: Ground out 6-3 (Groundball, 6, EV 100.6 MPH)
|
Top of the 9th over - 0 runs, 0 hits, 0 errors, 0 left on base; University of Illinois 0 - Washington State University 10 |
|